 Dungeon Crawl Stone Soup version 0.23-a0-558-g30802b1 (webtiles) character file.

914 zishaf the Firebug (level 7, -5/36 HPs)
             Began as a Deep Elf Fire Elementalist on Dec 11, 2018.
             Killed by nerve-wracking pain
             ... invoked by a shadow imp
              (13 damage)
             ... on level 6 of the Dungeon.
             The game lasted 00:09:47 (5835 turns).

zishaf the Firebug (Deep Elf Fire Elementalist)     Turns: 5835, Time: 00:09:47

Health: -5/36      AC:  5    Str:  5    XL:     7   Next: 82%
Magic:  9/16       EV: 18    Int: 22    God:
Gold:   306        SH:  0    Dex: 15    Spells: 5/16 levels left

rFire    + . .     SeeInvis .   b - staff of fire
rCold    . . .     Gourm    .   (no shield)
rNeg     . . .     Faith    .   u - +0 robe
rPois    .         Spirit   .   (no helmet)
rElec    .         Reflect  .   (no cloak)
rCorr    .         Harm     .   (no gloves)
MR       .....                  t - +2 pair of boots
Stlth    +++.......             E - amulet of the acrobat
HPRegen  0.12/turn              d - ring of stealth (curse)
MPRegen  0.15/turn              l - +3 ring of evasion

@: no status effects
A: no striking features
a: no special abilities


You were on level 6 of the Dungeon.
You were not hungry.

You visited 1 branch of the dungeon, and saw 6 of its levels.
You also visited: Sewer.

You collected 306 gold pieces.

Inventory:

Hand Weapons
 a - a +2 spear of venom
Armour
 t - a +2 pair of boots (worn)
 u - a +0 robe (worn)
Magical Staves
 b - an uncursed staff of fire (weapon)
Jewellery
 d - a cursed ring of stealth (left hand)
 l - a +3 ring of evasion (right hand)
 C - an uncursed ring of protection from cold
 E - an amulet of the acrobat (around neck)
Wands
 p - a wand of enslavement (8)
 y - a wand of digging (4)
Scrolls
 e - 2 scrolls of random uselessness {unknown}
 i - 3 scrolls of remove curse {unknown}
 j - 5 scrolls of teleportation {unknown}
 m - 3 scrolls of amnesia {unknown}
 n - 5 scrolls of enchant weapon {unknown}
 o - 2 scrolls of identify {unknown}
 q - a scroll of immolation {unknown}
 r - a scroll of noise {unknown}
 v - a scroll of fear {unknown}
 x - 2 scrolls of fog {unknown}
Potions
 f - 8 potions of curing {unknown}
 g - a potion of heal wounds {unknown}
 h - a potion of agility {unknown}
 k - 5 potions of flight {unknown}
 s - 3 potions of might {unknown}
 w - a potion of lignification {unknown}
 z - a potion of brilliance {unknown}
 A - a potion of cancellation {unknown}
 B - a potion of resistance {unknown}
Comestibles
 c - 14 rations


   Skills:
 + Level 5.0 Dodging
 - Level 3.0 Stealth
 - Level 5.0 Spellcasting
 * Level 5.7 Conjurations
 * Level 6.6 Fire Magic


You had 5 spell levels left.
You knew the following spells:

 Your Spells              Type           Power        Failure   Level  Hunger
a - Flame Tongue          Conj/Fire      #####        1%          1    None
b - Throw Flame           Conj/Fire      #####.       1%          2    None
c - Conjure Flame         Conj/Fire      #####...     2%          3    ##.....
d - Fireball              Conj/Fire      #####.....   22%         5    #####..

Your spell library contained the following spells:

 Spells                   Type           Power        Failure   Level  Hunger
 Inner Flame              Hex/Fire       ####....     8%          3    ##.....
 Sticky Flame             Conj/Fire      #####...     8%          4    ####...
 Corona                   Hex            #......      10%         1    None
 Dazzling Spray           Conj/Hex       ###...       10%         3    ##.....
 Ensorcelled Hibernation  Hex/Ice        #.....       16%         2    None
 Confuse                  Hex            #.......     30%         3    ##.....
 Tukima's Dance           Hex            #.......     30%         3    ##.....


Dungeon Overview and Level Annotations

Branches:
Dungeon (6/15)
 Temple: D:4-7

Altars:
Hepliaklqana
Makhleb
Nemelex Xobeh
Ru
Sif Muna
Yredelemnul

Shops:
D:4 =


Message History

You feel a surge of power!
The flame tongue misses the centaur.
The centaur shoots an arrow.
The arrow barely misses you.
Casting: Flame Tongue (safe; 1% risk of failure)
Confirm with . or Enter, or press ? or * to list all spells.
Aiming: Flame Tongue (safe; 1% risk of failure)
Press: ? - help, Shift-Dir - straight line, f/p - centaur
Aim: a centaur, wielding a +0 shortbow (almost dead)
You feel a surge of power!
The flame tongue hits the shadow imp.
The shadow imp is heavily wounded.
You see here 2 arrows.
Casting: Flame Tongue (safe; 1% risk of failure)
Confirm with . or Enter, or press ? or * to list all spells.
Aiming: Flame Tongue (safe; 1% risk of failure)
Press: ? - help, Shift-Dir - straight line, f/p - centaur
Aim: a centaur, wielding a +0 shortbow (almost dead)
You feel a surge of power!
The flame tongue hits the shadow imp.
The shadow imp is severely wounded.
The shadow imp gestures at you. Pain shoots through your body!
You die...

#............... ....
#...#.#..####.## #..#
............... ...#
#........####.# #..#
#(..###.#####.## #..#
#..............# #..#
#..............# #..#
.....>#.#####..####(#
##....#.........@5c.#
.#..#[#######..####.#
...............# #(#
...............## #.#
#...#.#...).........#
#...#.#.#####..######
#...#.#.#####..#
##..#.#........#
...............#


You could see a centaur and a shadow imp.

Vanquished Creatures
  Purgy (Sewer)
  An ice beast (D:4)
  A centaur (D:5)
  A scorpion (D:4)
  3 crimson imps
  3 hounds
  A centaur zombie (D:6)
  A centaur skeleton (D:5)
  A jelly (D:4)
  2 worker ants
  A worker ant zombie (D:3)
  8 adders
  6 gnolls
  A shadow imp (D:4)
  3 oozes
  An adder skeleton (D:5)
  A worm (D:2)
  4 dart slugs
  4 leopard geckos
  3 orcs (D:3)
  5 giant cockroaches
  5 goblins
  4 hobgoblins
  7 jackals (D:1)
  4 kobolds
  A quokka (D:3)
  7 ball pythons
  7 bats
  10 frilled lizards
  13 rats
110 creatures vanquished.

Notes
Turn   | Place    | Note
-------+----------+-------------------------------------------
     0 | D:1      | zishaf the Deep Elf Fire Elementalist began the quest for
                  | the Orb.
     0 | D:1      | Reached XP level 1. HP: 10/10 MP: 6/6
   195 | D:1      | Reached XP level 2. HP: 13/15 MP: 4/8
   199 | D:1      | Learned a level 2 spell: Throw Flame
   586 | D:1      | Reached XP level 3. HP: 19/19 MP: 0/9
  1231 | D:2      | Reached skill level 4 in Fire Magic
  1344 | D:2      | Learned a level 3 spell: Conjure Flame
  1386 | D:2      | Reached XP level 4. HP: 24/24 MP: 5/10
  1651 | D:2      | Found a sparkling altar of Nemelex Xobeh.
  1709 | D:2      | Found a burning altar of Makhleb.
  2142 | D:2      | Reached XP level 5. HP: 28/28 MP: 7/11
  2663 | D:3      | Found a transporter.
  2663 | D:3      | Found a transporter.
  3270 | D:3      | Found a sacrificial altar of Ru.
  3661 | D:3      | Reached skill level 5 in Fire Magic
  3672 | D:3      | Reached XP level 6. HP: 25/32 MP: 4/13
  4018 | D:4      | Found a basalt altar of Yredelemnul.
  4066 | D:4      | Found a hazy altar of Hepliaklqana.
  4123 | D:4      | Found Murche Ynuwys's Jewellery Shoppe.
  4337 | D:4      | Found a deep blue altar of Sif Muna.
  4454 | D:5      | Entered Level 5 of the Dungeon
  4458 | D:5      | Noticed an ice beast
  4477 | D:4      | Killed an ice beast
  4532 | D:5      | Reached XP level 7. HP: 12/36 MP: 8/15
  4533 | D:5      | Found a glowing drain.
  4816 | D:5      | Reached skill level 5 in Conjurations
  4817 | D:5      | Reached skill level 6 in Fire Magic
  4833 | Sewer    | Entered a sewer
  5096 | Sewer    | Noticed Purgy
  5113 | Sewer    | Killed Purgy
  5729 | D:6      | Reached skill level 5 in Spellcasting
  5785 | D:6      | Learned a level 5 spell: Fireball
  5811 | D:6      | Reached skill level 5 in Dodging
  5835 | D:6      | Killed from afar by a shadow imp

Vault maps used:
D:1:      dpeg_arrival_court, nrook_mini_vaults
D:2:      minmay_recursive_quarters, nemelex_xobeh_ov_fountains_minmay,
          makhleb_heckhound_becter
D:3:      gammafunk_temple_overflow_arena
D:4:      grunt_temple_overflow_open, serial_shops, shop, led_sif_pool
D:5:      first_ration, cheibrodos_sewer_entry_drain
D:6:      corexii_shack_village, minmay_temple_entry_ruins, uniq_prince_ribbit1
Sewer:    sewer_co_purgy_island

Skill      XL: |  1  2  3  4  5  6  7 |
---------------+----------------------+-----
Conjurations   | 2 3 4 5 |  5.7
Dodging        | 3 4 5 |  5.0
Stealth        | 3 |  3.0
Fire Magic     | 4 5 6 |  6.6
Spellcasting   | 4 5 |  5.0

Action                   |  1- 3 |  4- 6 |  7- 9 || total
-------------------------+-------+-------+-------++-------
Melee: Unarmed           |    15 |     1 |       ||    16
       Spear             |       |    48 |    50 ||    98
       Staff             |       |       |    10 ||    10
 Cast: Flame Tongue      |    62 |    95 |    27 ||   184
       Throw Flame       |     2 |     4 |    11 ||    17
       Conjure Flame     |       |     2 |     1 ||     3
 Stab: Sleeping          |     2 |     9 |     2 ||    13
  Eat: Chunk             |     1 |    10 |     5 ||    16
Armor: Robe              |    13 |    17 |    14 ||    44
Dodge: Dodged            |    60 |    76 |    71 ||   207

Table legend:
 A = Non-vault XP
 B = Vault XP
 C = Vault XP percentage of total XP
 D = Non-vault monster count
 E = Vault monster count
 F = Vault count percentage of total count
                 A         B        C        D         E       F
            +---------+---------+-------+---------+---------+-------
      Total |     987 |     319 |  24.4 |      89 |      21 |  19.1
            +---------+---------+-------+---------+---------+-------
        D:1 |      59 |       0 |   0.0 |      25 |       0 |   0.0
        D:2 |      90 |      65 |  41.9 |      19 |       6 |  24.0
        D:3 |      99 |      82 |  45.3 |      24 |       5 |  17.2
        D:4 |     389 |       0 |   0.0 |      11 |       0 |   0.0
        D:5 |     258 |       5 |   1.9 |       8 |       3 |  27.3
        D:6 |      92 |       0 |   0.0 |       2 |       0 |   0.0
      Sewer |       0 |     167 | 100.0 |       0 |       7 | 100.0
            +---------+---------+-------+---------+---------+-------
